Workbook

Sheet Summary
D3: All Net Metering Systems | F3: Net Metering Systems under current Compensation System
D4: Cost Shift ($) | E4: Impact on Rates | F4: Cost Shift ($) | G4: Impact on Rates
B5: Active Systems Only | C5: 2019 Pre-2017 Solar Adder Compensation | D5: ='Analysis Table'!X79 -> 233199.33 | E5: ='Analysis Table'!X80 -> 0.0031093244 | F5: ='Analysis Table'!Z79 -> 0 | G5: ='Analysis Table'!Z80 -> 0
C6: 2019 REC Adder Compensation | D6: ='Analysis Table'!X81 -> -73598.452 | E6: ='Analysis Table'!X82 -> -0.0009813127 | F6: ='Analysis Table'!Z81 -> -46112.895 | G6: ='Analysis Table'!Z82 -> -0.0006148386
C7: 2019 Siting Adjuster Compensation | D7: ='Analysis Table'!X83 -> 62014.309 | E7: ='Analysis Table'!X84 -> 0.00082685745 | F7: ='Analysis Table'!Z83 -> 28199.38 | G7: ='Analysis Table'!Z84 -> 0.00037599173
C8: 2019 Excess Generation Compensation | D8: ='Analysis Table'!X85 -> 834586.99 | E8: ='Analysis Table'!X86 -> 0.011127826 | F8: ='Analysis Table'!Z85 -> 72980.4 | G8: ='Analysis Table'!Z86 -> 0.000973072
C9: 2019 Reduced Sales Revenue (Margin) | D9: ='Analysis Table'!X87 -> 1490227.1 | E9: ='Analysis Table'!X88 -> 0.019869694 | F9: ='Analysis Table'!Z87 -> 259386.34 | G9: ='Analysis Table'!Z88 -> 0.0034584845
C10: 2019 Total Cost of Net Metering | D10: ='Analysis Table'!X89 -> 2546429.2 | E10: ='Analysis Table'!X90 -> 0.03395239 | F10: ='Analysis Table'!Z89 -> 314453.22 | G10: ='Analysis Table'!Z90 -> 0.0041927096
C12: 2020 Pre-2017 Solar Adder Compensation | D12: ='Analysis Table'!X112 -> 233199.33 | E12: ='Analysis Table'!X113 -> 0.0031093244 | F12: ='Analysis Table'!Z112 -> 0 | G12: ='Analysis Table'!Z113 -> 0
C13: 2020 REC Adder Compensation | D13: ='Analysis Table'!X114 -> -92260.754 | E13: =+'Analysis Table'!X115 -> -0.0012301434 | F13: =+'Analysis Table'!Z114 -> -52237.111 | G13: =+'Analysis Table'!Z115 -> -0.00069649482
C14: 2020 Siting Adjuster Compensation | D14: =+'Analysis Table'!X116 -> 62014.309 | E14: =+'Analysis Table'!X117 -> 0.00082685745 | F14: =+'Analysis Table'!Z116 -> 28199.38 | G14: =+'Analysis Table'!Z117 -> 0.00037599173
C15: 2020 Excess Generation Compensation | D15: =+'Analysis Table'!X118 -> 708454.17 | E15: =+'Analysis Table'!X119 -> 0.0094460556 | F15: =+'Analysis Table'!Z118 -> 69712.934 | G15: =+'Analysis Table'!Z119 -> 0.00092950579
C16: 2020 Reduced Sales Revenue (Margin) | D16: =+'Analysis Table'!X120 -> 1382251.7 | E16: =+'Analysis Table'!X121 -> 0.018430023 | F16: =+'Analysis Table'!Z120 -> 240592.34 | G16: =+'Analysis Table'!Z121 -> 0.0032078978
C17: 2020 Total Cost of Net Metering | D17: =+'Analysis Table'!X122 -> 2293658.8 | E17: =+'Analysis Table'!X123 -> 0.030582117 | F17: =+'Analysis Table'!Z122 -> 286267.54 | G17: =+'Analysis Table'!Z123 -> 0.0038169005
C19: 20-Year Levelized Annual Pre-2017 Solar Adder Compensation | D19: ='Analysis Table'!X178 -> 233199.33 | E19: ='Analysis Table'!X179 -> 0.0031093244 | F19: ='Analysis Table'!Z178 -> 0 | G19: ='Analysis Table'!Z179 -> 0
C20: 20-Year Levelized Annual REC Adder Compensation | D20: ='Analysis Table'!X180 -> -63557.941 | E20: ='Analysis Table'!X181 -> -0.00084743922 | F20: ='Analysis Table'!Z180 -> -32659.081 | G20: ='Analysis Table'!Z181 -> -0.00043545441
C21: 20-Year Levelized Annual Siting Adjuster Compensation | D21: ='Analysis Table'!X182 -> 25444.992 | E21: ='Analysis Table'!X183 -> 0.00033926657 | F21: ='Analysis Table'!Z182 -> 14099.69 | G21: ='Analysis Table'!Z183 -> 0.00018799586
C22: 20-Year Levelized Annual Excess Generation Compensation | D22: ='Analysis Table'!X184 -> 853670.69 | E22: ='Analysis Table'!X185 -> 0.011382276 | F22: ='Analysis Table'!Z184 -> 84002.453 | G22: ='Analysis Table'!Z185 -> 0.0011200327
C23: 20-Year Levelized Annual Reduced Sales Revenue (Margin) | D23: ='Analysis Table'!X186 -> 1491053.8 | E23: ='Analysis Table'!X187 -> 0.019880717 | F23: ='Analysis Table'!Z186 -> 259530.23 | G23: ='Analysis Table'!Z187 -> 0.0034604031
C24: 20-Year Levelized Annual Total Cost of Net Metering | D24: ='Analysis Table'!X188 -> 2539810.8 | E24: ='Analysis Table'!X189 -> 0.033864144 | F24: ='Analysis Table'!Z188 -> 324973.29 | G24: ='Analysis Table'!Z189 -> 0.0043329773
B26: Active and Pending Systems | C26: 20-Year Levelized Annual Pre-2017 Solar Adder Compensation | D26: ='Analysis Table'!X145 -> 233199.33 | E26: ='Analysis Table'!X146 -> 0.0031093244 | F26: ='Analysis Table'!Z145 -> 0 | G26: ='Analysis Table'!Z146 -> 0
C27: 20-Year Levelized Annual REC Adder Compensation | D27: ='Analysis Table'!X147 -> -211531.5 | E27: ='Analysis Table'!X148 -> -0.00282042 | F27: ='Analysis Table'!Z147 -> -67707.05 | G27: ='Analysis Table'!Z148 -> -0.00090276066
C28: 20-Year Levelized Annual Siting Adjuster Compensation | D28: ='Analysis Table'!X149 -> -10616.749 | E28: ='Analysis Table'!X150 -> -0.00014155665 | F28: ='Analysis Table'!Z149 -> 16314.391 | G28: ='Analysis Table'!Z150 -> 0.00021752521
C29: 20-Year Levelized Annual Excess Generation Compensation | D29: ='Analysis Table'!X151 -> 1512088.2 | E29: ='Analysis Table'!X152 -> 0.020161176 | F29: ='Analysis Table'!Z151 -> 217449.16 | G29: ='Analysis Table'!Z152 -> 0.0028993221
C30: 20-Year Levelized Annual Reduced Sales Revenue (Margin) | D30: ='Analysis Table'!X153 -> 1718610.3 | E30: ='Analysis Table'!X154 -> 0.022914803 | F30: ='Analysis Table'!Z153 -> 421455.83 | G30: ='Analysis Table'!Z154 -> 0.0056194111
C31: 20-Year Levelized Annual Total Cost of Net Metering | D31: ='Analysis Table'!X155 -> 3241749.5 | E31: ='Analysis Table'!X156 -> 0.043223327 | F31: ='Analysis Table'!Z155 -> 587512.33 | G31: ='Analysis Table'!Z156 -> 0.0078334977

Sheet Analysis Table
B4: Intranet list as of 10/1/19
C8: CPG Application 7/1/18 or later | L8: CPG Application 1/1/17 - 6/30/18
C9: Transferring RECs | H9: Retaining RECs | L9: Transferring RECs | P9: Retaining RECs
C10: Category I-A | D10: Category I-B | E10: Category II | F10: Category III | G10: Category IV | H10: Category I | I10: Category II | J10: Category III | K10: Category IV | L10: Category I | M10: Category II | N10: Category III | O10: Category IV | P10: Category I | Q10: Category II | R10: Category III | S10: Category IV | U10: 15 kw and smaller | V10: larger than 15 kw
C11: Capacity of 15 kW or less, CPG App 7/1/18-6/30/19 | D11: Capacity of 15 kW or less, CPG App 7/1/19 or later | E11: Capacity of more than 15 kW and less than or equal to 150 kW, and that is sited on a Preferred Site as defined in the Board's Rule 5.100 | F11: Capacity of more than 150 kW and less than or equal to 500 kW, and that is sited on a Preferred Site as defined in the Board's Rule 5.100 | G11: Capacity of more than 15 kW and less than or equal to 150 kW, and that is not located on a Preferred Site as defined in the Board's Rule 5.100 | H11: Capacity of 15 kW or less | I11: Capacity of more than 15 kW and less than or equal to 150 kW, and that is sited on a Preferred Site as defined in the Board's Rule 5.100 | J11: Capacity of more than 150 kW and less than or equal to 500 kW, and that is sited on a Preferred Site as defined in the Board's Rule 5.100 | K11: Capacity of more than 15 kW and less than or equal to 150 kW, and that is not located on a Preferred Site as defined in the Board's Rule 5.100 | L11: Capacity of 15 kW or less | M11: Capacity of more than 15 kW and less than or equal to 150 kW, and that is sited on a Preferred Site as defined in the Board's Rule 5.100 | N11: Capacity of more than 150 kW and less than or equal to 500 kW, and that is sited on a Preferred Site as defined in the Board's Rule 5.100 | O11: Capacity of more than 15 kW and less than or equal to 150 kW, and that is not located on a Preferred Site as defined in the Board's Rule 5.100 | P11: Capacity of 15 kW or less | Q11: Capacity of more than 15 kW and less than or equal to 150 kW, and that is sited on a Preferred Site as defined in the Board's Rule 5.100 | R11: Capacity of more than 150 kW and less than or equal to 500 kW, and that is sited on a Preferred Site as defined in the Board's Rule 5.100 | S11: Capacity of more than 15 kW and less than or equal to 150 kW, and that is not located on a Preferred Site as defined in the Board's Rule 5.100 | T11: Original | U11: 2014-2016 | X11: Total (All NM Rates) | Z11: Under Current Compensation System
B12: Solar Adder ($/kWh) | T12: 0.02882 | U12: 0.0238 | V12: 0.0138
B13: REC Adjuster for first 10 years ($/kWh) | C13: 0.02 | D13: 0.01 | E13: 0.01 | F13: 0.01 | G13: 0.01 | H13: -0.03 | I13: -0.03 | J13: -0.03 | K13: -0.03 | L13: 0.03 | M13: 0.03 | N13: 0.03 | O13: 0.03 | P13: -0.03 | Q13: -0.03 | R13: -0.03 | S13: -0.03
B14: Siting Adjuster for first 10 years ($/kWh) | C14: 0.01 | D14: 0.01 | E14: 0.01 | F14: -0.02 | G14: -0.03 | H14: 0.01 | I14: 0.01 | J14: -0.02 | K14: -0.03 | L14: 0.01 | M14: 0.01 | N14: -0.01 | O14: -0.03 | P14: 0.01 | Q14: 0.01 | R14: -0.01 | S14: -0.03
B15: REC Adjuster after 10 years ($/kWh) | C15: 0 | D15: 0 | E15: 0 | F15: 0 | G15: 0 | H15: -0.03 | I15: -0.03 | J15: -0.03 | K15: -0.03 | L15: 0 | M15: 0 | N15: 0 | O15: 0 | P15: -0.03 | Q15: -0.03 | R15: -0.03 | S15: -0.03
B16: Siting Adjuster after 10 years ($/kWh) | C16: 0 | D16: 0 | E16: 0 | F16: -0.02 | G16: -0.03 | H16: 0 | I16: 0 | J16: -0.02 | K16: -0.03 | L16: 0 | M16: 0 | N16: -0.01 | O16: -0.03 | P16: 0 | Q16: 0 | R16: -0.01 | S16: -0.03
B19: Rates
B20: First 10 Years Adder Rate for Total Generation ($/kWh)
B21: Second 10 Years Adder Rate for Total Generation ($/kWh)
B23: 2019 Excess Generation Rate ($/kWh) | C23: =+Rates!E7 -> 0.15417 | D23: =+C23 -> 0.15417 | E23: =+D23 -> 0.15417 | F23: =+E23 -> 0.15417 | G23: =+F23 -> 0.15417 | H23: =+G23 -> 0.15417 | I23: =+H23 -> 0.15417 | J23: =+I23 -> 0.15417 | K23: =+J23 -> 0.15417 | ... V23: =+U23 -> 0.15417
B24: 2020 Excess Generation Rate ($/kWh) | C24: =+Rates!E8 -> 0.1603368 | D24: =+C24 -> 0.1603368 | E24: =+D24 -> 0.1603368 | F24: =+E24 -> 0.1603368 | G24: =+F24 -> 0.1603368 | H24: =+G24 -> 0.1603368 | I24: =+H24 -> 0.1603368 | J24: =+I24 -> 0.1603368 | K24: =+J24 -> 0.1603368 | ... V24: =+U24 -> 0.1603368
B25: 20-Year Levelized Excess Generation Rate ($/kWh) | C25: =+Rates!E29 -> 0.1854733 | D25: =+C25 -> 0.1854733 | E25: =+D25 -> 0.1854733 | F25: =+E25 -> 0.1854733 | G25: =+F25 -> 0.1854733 | H25: =+G25 -> 0.1854733 | I25: =+H25 -> 0.1854733 | J25: =+I25 -> 0.1854733 | K25: =+J25 -> 0.1854733 | ... V25: =+U25 -> 0.1854733
B27: 2019 Retail Residential Rate ($/kWh) | C27: =+Rates!F7 -> 0.1762 | D27: =+C27 -> 0.1762 | E27: =+D27 -> 0.1762 | F27: =+E27 -> 0.1762 | G27: =+F27 -> 0.1762 | H27: =+G27 -> 0.1762 | I27: =+H27 -> 0.1762 | J27: =+I27 -> 0.1762 | K27: =+J27 -> 0.1762 | ... V27: =+U27 -> 0.1762
B28: 2020 Retail Residential Rate ($/kWh) | C28: =+Rates!F8 -> 0.177962 | D28: =+C28 -> 0.177962 | E28: =+D28 -> 0.177962 | F28: =+E28 -> 0.177962 | G28: =+F28 -> 0.177962 | H28: =+G28 -> 0.177962 | I28: =+H28 -> 0.177962 | J28: =+I28 -> 0.177962 | K28: =+J28 -> 0.177962 | ... V28: =+U28 -> 0.177962
B29: 20-Year Levelized Retail Residential Rate ($/kWh) | C29: =+Rates!F29 -> 0.19224961 | D29: =+C29 -> 0.19224961 | E29: =+D29 -> 0.19224961 | F29: =+E29 -> 0.19224961 | G29: =+F29 -> 0.19224961 | H29: =+G29 -> 0.19224961 | I29: =+H29 -> 0.19224961 | J29: =+I29 -> 0.19224961 | K29: =+J29 -> 0.19224961 | ... V29: =+U29 -> 0.19224961
B31: 2019 Retail Commercial Rate ($/kWh) | C31: =+Rates!H7 -> 0.1584 | D31: =+C31 -> 0.1584 | E31: =+D31 -> 0.1584 | F31: =+E31 -> 0.1584 | G31: =+F31 -> 0.1584 | H31: =+G31 -> 0.1584 | I31: =+H31 -> 0.1584 | J31: =+I31 -> 0.1584 | K31: =+J31 -> 0.1584 | ... V31: =+U31 -> 0.1584
B32: 2020 Retail Commercial Rate ($/kWh) | C32: =+Rates!H8 -> 0.159984 | D32: =+C32 -> 0.159984 | E32: =+D32 -> 0.159984 | F32: =+E32 -> 0.159984 | G32: =+F32 -> 0.159984 | H32: =+G32 -> 0.159984 | I32: =+H32 -> 0.159984 | J32: =+I32 -> 0.159984 | K32: =+J32 -> 0.159984 | ... V32: =+U32 -> 0.159984
B33: 20-Year Levelized Retail Commercial Rate ($/kWh) | C33: =+Rates!H29 -> 0.17282826 | D33: =+C33 -> 0.17282826 | E33: =+D33 -> 0.17282826 | F33: =+E33 -> 0.17282826 | G33: =+F33 -> 0.17282826 | H33: =+G33 -> 0.17282826 | I33: =+H33 -> 0.17282826 | J33: =+I33 -> 0.17282826 | K33: =+J33 -> 0.17282826 | ... V33: =+U33 -> 0.17282826
B36: Generation Assumptions
B37: Corresponding capacity installed under rate (kW) | C37: 2166.3 | D37: 111.09 | E37: 159.6 | F37: 0 | G37: 0 | H37: 20.2 | I37: 67.6 | J37: 0 | K37: 0 | L37: 3369.45 | M37: 623.79 | N37: 996 | O37: 0 | P37: 30.33 | Q37: 0 | R37: 0 | S37: 0 | T37: 3372.59 | U37: 2281.18 | V37: 4152.28 | X37: =SUM(C37:V37) -> 17350.41 | Z37: =SUM(C37:K37) -> 2524.79
B38: Corresponding capacity pending under rate (kW) | C38: 851.3 | D38: 285.69 | E38: 570.39 | F38: 360 | G38: 0 | H38: 35.2 | I38: 94 | J38: 0 | K38: 0 | L38: 478.59 | M38: 112 | N38: 785.9 | O38: 0 | P38: 25.16 | Q38: 100 | R38: 2999 | S38: 0 | T38: 0 | U38: 0 | V38: 0 | X38: =SUM(C38:V38) -> 6697.23 | Z38: =SUM(C38:K38) -> 2196.58
B40: Annual Capacity Factor | C40: 0.1275 | D40: =+C40 -> 0.1275 | E40: =+D40 -> 0.1275 | F40: =+E40 -> 0.1275 | G40: =+F40 -> 0.1275 | H40: =+G40 -> 0.1275 | I40: =+H40 -> 0.1275 | J40: =+I40 -> 0.1275 | K40: =+J40 -> 0.1275 | ... V40: =+U40 -> 0.1275
B41: Annual Generation from Active Projects (kWh) | C41: =+C37*8760*C$40 -> 2419540.5 | D41: =+D37*8760*D$40 -> 124076.42 | E41: =+E37*8760*E$40 -> 178257.24 | F41: =+F37*8760*F$40 -> 0 | G41: =+G37*8760*G$40 -> 0 | H41: =+H37*8760*H$40 -> 22561.38 | I41: =+I37*8760*I$40 -> 75502.44 | J41: =+J37*8760*J$40 -> 0 | ... V41: =+V37*8760*V$40 -> 4637681.5 | X41: =SUM(C41:V41) -> 19378673 | Z41: =SUM(C41:K41) -> 2819938
B42: Annual Generation from Pending Projects (kWh) | C42: =+C38*8760*C$40 -> 950816.97 | D42: =+D38*8760*D$40 -> 319087.16 | E42: =+E38*8760*E$40 -> 637068.59 | F42: =+F38*8760*F$40 -> 402084 | G42: =+G38*8760*G$40 -> 0 | H42: =+H38*8760*H$40 -> 39314.88 | I42: =+I38*8760*I$40 -> 104988.6 | J42: =+J38*8760*J$40 -> 0 | ... V42: =+V38*8760*V$40 -> 0 | X42: =SUM(C42:V42) -> 7480136.2 | Z42: =SUM(C42:K42) -> 2453360.2
B43: Annual Generation from Active and Pending Projects (kWh) | C43: =SUM(C41:C42) -> 3370357.4 | D43: =SUM(D41:D42) -> 443163.58 | E43: =SUM(E41:E42) -> 815325.83 | F43: =SUM(F41:F42) -> 402084 | G43: =SUM(G41:G42) -> 0 | H43: =SUM(H41:H42) -> 61876.26 | I43: =SUM(I41:I42) -> 180491.04 | J43: =SUM(J41:J42) -> 0 | ... V43: =SUM(V41:V42) -> 4637681.5 | X43: =SUM(C43:V43) -> 26858809 | Z43: =SUM(C43:K43) -> 5273298.2
B45: % Excess Generation | C45: 0.22 | D45: =+C45 -> 0.22 | E45: 0.61 | F45: 1 | G45: =+E45 -> 0.61 | H45: =+C45 -> 0.22 | I45: =+E45 -> 0.61 | J45: =+F45 -> 1 | K45: =+E45 -> 0.61 | L45: =+C45 -> 0.22 | M45: =+E45 -> 0.61 | N45: =+F45 -> 1 | O45: =+E45 -> 0.61 | P45: =+C45 -> 0.22 | Q45: =+E45 -> 0.61 | R45: =+F45 -> 1 | S45: =+E45 -> 0.61 | T45: =+C45 -> 0.22 | U45: =+C45 -> 0.22 | V45: =+E45 -> 0.61
B46: % Offset Sales | C46: =100%-C45 -> 0.78 | D46: =100%-D45 -> 0.78 | E46: =100%-E45 -> 0.39 | F46: =100%-F45 -> 0 | G46: =100%-G45 -> 0.39 | H46: =100%-H45 -> 0.78 | I46: =100%-I45 -> 0.39 | J46: =100%-J45 -> 0 | ... V46: =100%-V45 -> 0.39
B47: Excess Generation (kWh) - Active | C47: =+C41*C45 -> 532298.9 | D47: =+D41*D45 -> 27296.813 | E47: =+E41*E45 -> 108736.92 | F47: =+F41*F45 -> 0 | G47: =+G41*G45 -> 0 | H47: =+H41*H45 -> 4963.5036 | I47: =+I41*I45 -> 46056.488 | J47: =+J41*J45 -> 0 | ... V47: =+V41*V45 -> 2828985.7 | X47: =SUM(C47:V47) -> 7310384.7 | Z47: =SUM(C47:K47) -> 719352.62
B48: Excess Generation (kWh)- Pending | C48: =C42*C45 -> 209179.73 | D48: =D42*D45 -> 70199.175 | E48: =E42*E45 -> 388611.84 | F48: =F42*F45 -> 402084 | G48: =G42*G45 -> 0 | H48: =H42*H45 -> 8649.2736 | I48: =I42*I45 -> 64043.046 | J48: =J42*J45 -> 0 | ... V48: =V42*V45 -> 0 | X48: =SUM(C48:V48) -> 5638339.8 | Z48: =SUM(C48:K48) -> 1142767.1
B49: Offset Sales (kWh) - Active | C49: =C41*C46 -> 1887241.6 | D49: =D41*D46 -> 96779.608 | E49: =E41*E46 -> 69520.324 | F49: =F41*F46 -> 0 | G49: =G41*G46 -> 0 | H49: =H41*H46 -> 17597.876 | I49: =I41*I46 -> 29445.952 | J49: =J41*J46 -> 0 | ... V49: =V41*V46 -> 1808695.8 | X49: =SUM(C49:V49) -> 12068288 | Z49: =SUM(C49:K49) -> 2100585.3
B50: Offset Sales (kWh) - Pending | C50: =C42*C46 -> 741637.24 | D50: =D42*D46 -> 248887.99 | E50: =E42*E46 -> 248456.75 | F50: =F42*F46 -> 0 | G50: =G42*G46 -> 0 | H50: =H42*H46 -> 30665.606 | I50: =I42*I46 -> 40945.554 | J50: =J42*J46 -> 0 | ... V50: =V42*V46 -> 0 | X50: =SUM(C50:V50) -> 1841796.4 | Z50: =SUM(C50:K50) -> 1310593.1
B52: % Assumed Residential | C52: 1 | D52: 1 | E52: 1 | F52: 0 | G52: 1 | H52: 1 | I52: 1 | J52: 0 | K52: 1 | L52: 1 | M52: 1 | N52: 0 | O52: 1 | P52: 1 | Q52: 1 | R52: 0 | S52: 1 | T52: 1 | U52: 1 | V52: 1
B53: % Assumed Commercial | C53: =100%-C52 -> 0 | D53: =100%-D52 -> 0 | E53: =100%-E52 -> 0 | F53: =100%-F52 -> 1 | G53: =100%-G52 -> 0 | H53: =100%-H52 -> 0 | I53: =100%-I52 -> 0 | J53: =100%-J52 -> 1 | ... V53: =100%-V52 -> 0
B54: Offset Residential (kWh) - Active | C54: =C41*C46*C52 -> 1887241.6 | D54: =D41*D46*D52 -> 96779.608 | E54: =E41*E46*E52 -> 69520.324 | F54: =F41*F46*F52 -> 0 | G54: =G41*G46*G52 -> 0 | H54: =H41*H46*H52 -> 17597.876 | I54: =I41*I46*I52 -> 29445.952 | J54: =J41*J46*J52 -> 0 | ... V54: =V41*V46*V52 -> 1808695.8 | X54: =SUM(C54:V54) -> 12068288 | Z54: =SUM(C54:K54) -> 2100585.3
B55: Offset Residential (kWh) - Pending | C55: =C42*C46*C52 -> 741637.24 | D55: =D42*D46*D52 -> 248887.99 | E55: =E42*E46*E52 -> 248456.75 | F55: =F42*F46*F52 -> 0 | G55: =G42*G46*G52 -> 0 | H55: =H42*H46*H52 -> 30665.606 | I55: =I42*I46*I52 -> 40945.554 | J55: =J42*J46*J52 -> 0 | ... V55: =V42*V46*V52 -> 0 | X55: =SUM(C55:V55) -> 1841796.4 | Z55: =SUM(C55:K55) -> 1310593.1
B56: Offset Commercial (kWh) - Active | C56: =C42*C46*C53 -> 0 | D56: =D42*D46*D53 -> 0 | E56: =E42*E46*E53 -> 0 | F56: =F42*F46*F53 -> 0 | G56: =G42*G46*G53 -> 0 | H56: =H42*H46*H53 -> 0 | I56: =I42*I46*I53 -> 0 | J56: =J42*J46*J53 -> 0 | ... V56: =V42*V46*V53 -> 0 | X56: =SUM(C56:V56) -> 0 | Z56: =SUM(C56:K56) -> 0
B57: Offset Commercial (kWh) - Pending | C57: =C42*C46*C53 -> 0 | D57: =D42*D46*D53 -> 0 | E57: =E42*E46*E53 -> 0 | F57: =F42*F46*F53 -> 0 | G57: =G42*G46*G53 -> 0 | H57: =H42*H46*H53 -> 0 | I57: =I42*I46*I53 -> 0 | J57: =J42*J46*J53 -> 0 | ... V57: =V42*V46*V53 -> 0 | X57: =SUM(C57:V57) -> 0 | Z57: =SUM(C57:K57) -> 0
B60: 2019 Costs - Active Systems Only
B61: Compensation for Pre-2017 Solar Adder | C61: =+C41*C12 -> 0 | D61: =+D41*D12 -> 0 | E61: =+E41*E12 -> 0 | F61: =+F41*F12 -> 0 | G61: =+G41*G12 -> 0 | H61: =+H41*H12 -> 0 | I61: =+I41*I12 -> 0 | J61: =+J41*J12 -> 0 | ... V61: =+V41*V12 -> 64000.005 | X61: =SUM(C61:V61) -> 233199.33 | Z61: =SUM(C61:K61) -> 0
B62: Compensation for REC Adder on Total Generation ($) | C62: =C41*C13 -> 48390.809 | D62: =D41*D13 -> 1240.7642 | E62: =E41*E13 -> 1782.5724 | F62: =F41*F13 -> 0 | G62: =G41*G13 -> 0 | H62: =H41*H13 -> -676.8414 | I62: =I41*I13 -> -2265.0732 | J62: =J41*J13 -> 0 | ... V62: =V41*V13 -> 0 | X62: =SUM(C62:V62) -> 214630.43 | Z62: =SUM(C62:K62) -> 48472.231
B63: Compensation for Siting Adder on Total Generation ($) | C63: =C41*C14 -> 24195.405 | D63: =D41*D14 -> 1240.7642 | E63: =E41*E14 -> 1782.5724 | F63: =F41*F14 -> 0 | G63: =G41*G14 -> 0 | H63: =H41*H14 -> 225.6138 | I63: =I41*I14 -> 755.0244 | J63: =J41*J14 -> 0 | ... V63: =V41*V14 -> 0 | X63: =SUM(C63:V63) -> 62014.309 | Z63: =SUM(C63:K63) -> 28199.38
B64: Compensation for Excess Generation ($) | C64: =C47*C23 -> 82064.522 | D64: =D47*D23 -> 4208.3496 | E64: =E47*E23 -> 16763.97 | F64: =F47*F23 -> 0 | G64: =G47*G23 -> 0 | H64: =H47*H23 -> 765.22335 | I64: =I47*I23 -> 7100.5288 | J64: =J47*J23 -> 0 | ... S64: =S47*S23 -> 0 | T64: =T47*T27 -> 146018.01 | U64: =U47*U27 -> 98764.855 | V64: =V47*V27 -> 498467.29 | X64: =SUM(C64:V64) -> 1219969.4 | Z64: =SUM(C64:K64) -> 110902.59
B65: Total NM Compensation for 2019 ($) | C65: =SUM(C61:C64) -> 154650.74 | D65: =SUM(D61:D64) -> 6689.878 | E65: =SUM(E61:E64) -> 20329.115 | F65: =SUM(F61:F64) -> 0 | G65: =SUM(G61:G64) -> 0 | H65: =SUM(H61:H64) -> 313.99575 | I65: =SUM(I61:I64) -> 5590.48 | J65: =SUM(J61:J64) -> 0 | ... V65: =SUM(V61:V64) -> 562467.29 | X65: =SUM(X61:X64) -> 1729813.4 | Z65: =SUM(Z61:Z64) -> 187574.21
B66: Lost Residential Sales Revenue ($) | C66: =C54*C27 -> 332531.96 | D66: =D54*D27 -> 17052.567 | E66: =E54*E27 -> 12249.481 | F66: =F54*F27 -> 0 | G66: =G54*G27 -> 0 | H66: =H54*H27 -> 3100.7458 | I66: =I54*I27 -> 5188.3767 | J66: =J54*J27 -> 0 | ... V66: =V54*V27 -> 318692.2 | X66: =SUM(C66:V66) -> 2126432.4 | Z66: =SUM(C66:K66) -> 370123.13
B67: Lost Commercial Sales Revenue ($) | C67: =C56*C31 -> 0 | D67: =D56*D31 -> 0 | E67: =E56*E31 -> 0 | F67: =F56*F31 -> 0 | G67: =G56*G31 -> 0 | H67: =H56*H31 -> 0 | I67: =I56*I31 -> 0 | J67: =J56*J31 -> 0 | ... V67: =V56*V31 -> 0 | X67: =SUM(C67:V67) -> 0 | Z67: =SUM(C67:K67) -> 0
B68: Total Lost Sales Revenue for 2019 ($) | C68: =SUM(C66:C67) -> 332531.96 | D68: =SUM(D66:D67) -> 17052.567 | E68: =SUM(E66:E67) -> 12249.481 | F68: =SUM(F66:F67) -> 0 | G68: =SUM(G66:G67) -> 0 | H68: =SUM(H66:H67) -> 3100.7458 | I68: =SUM(I66:I67) -> 5188.3767 | J68: =SUM(J66:J67) -> 0 | ... V68: =SUM(V66:V67) -> 318692.2 | X68: =SUM(X66:X67) -> 2126432.4
B69: Total Cost for 2019 - Including Lost Revenue ($) | C69: =SUM(C65,C68) -> 487182.7 | D69: =SUM(D65,D68) -> 23742.445 | E69: =SUM(E65,E68) -> 32578.596 | F69: =SUM(F65,F68) -> 0 | G69: =SUM(G65,G68) -> 0 | H69: =SUM(H65,H68) -> 3414.7416 | I69: =SUM(I65,I68) -> 10778.857 | J69: =SUM(J65,J68) -> 0 | ... V69: =SUM(V65,V68) -> 881159.49 | X69: =SUM(X65,X68) -> 3856245.8 | Z69: =SUM(C69:K69) -> 557697.34
B70: 2019 Value of Solar - excluding RECs ($/kWh) | C70: 0.052717114 | D70: =+$C70 -> 0.052717114 | E70: =+$C70 -> 0.052717114 | F70: =+$C70 -> 0.052717114 | G70: =+$C70 -> 0.052717114 | H70: =+$C70 -> 0.052717114 | I70: =+$C70 -> 0.052717114 | J70: =+$C70 -> 0.052717114 | K70: =+$C70 -> 0.052717114 | ... V70: =+$C70 -> 0.052717114
B71: 2019 REC Value ($/kWh) | C71: 0.03475 | D71: =+$C$71 -> 0.03475 | E71: =+$C$71 -> 0.03475 | F71: =+$C$71 -> 0.03475 | G71: =+$C$71 -> 0.03475 | H71: 0 | I71: =+$H$71 -> 0 | J71: =+$H$71 -> 0 | K71: =+$H$71 -> 0 | L71: =+$C$71 -> 0.03475 | M71: =+$C$71 -> 0.03475 | N71: =+$C$71 -> 0.03475 | O71: =+$C$71 -> 0.03475 | P71: =+$H$71 -> 0 | Q71: =+$H$71 -> 0 | R71: =+$H$71 -> 0 | S71: =+$H$71 -> 0 | T71: =+$H$71 -> 0 | U71: =+$H$71 -> 0 | V71: =+$H$71 -> 0
B72: 2019 Siting Value ($/kWh) | C72: 0 | D72: =+C72 -> 0 | E72: =+D72 -> 0 | F72: =+E72 -> 0 | G72: =+F72 -> 0 | H72: =+G72 -> 0 | I72: =+H72 -> 0 | J72: =+I72 -> 0 | K72: =+J72 -> 0 | ... V72: =+U72 -> 0
B73: 2019 Value of RECs ($) | C73: =+C71*C41 -> 84079.031 | D73: =+D71*D41 -> 4311.6556 | E73: =+E71*E41 -> 6194.4391 | F73: =+F71*F41 -> 0 | G73: =+G71*G41 -> 0 | H73: =+H71*H41 -> 0 | I73: =+I71*I41 -> 0 | J73: =+J71*J41 -> 0 | ... V73: =+V71*V41 -> 0 | X73: =SUM(C73:V73) -> 288228.88 | Z73: =SUM(C73:K73) -> 94585.126
B74: 2019 Value of Siting ($) | C74: =+C72*C41 -> 0 | D74: =+D72*D41 -> 0 | E74: =+E72*E41 -> 0 | F74: =+F72*F41 -> 0 | G74: =+G72*G41 -> 0 | H74: =+H72*H41 -> 0 | I74: =+I72*I41 -> 0 | J74: =+J72*J41 -> 0 | ... V74: =+V72*V41 -> 0 | X74: =SUM(C74:V74) -> 0 | Z74: =SUM(C74:K74) -> 0
B75: 2019 Value of Excess Generation ($) | C75: =C70*C47 -> 28061.262 | D75: =D70*D47 -> 1439.0092 | E75: =E70*E47 -> 5732.2964 | F75: =F70*F47 -> 0 | G75: =G70*G47 -> 0 | H75: =H70*H47 -> 261.66159 | I75: =I70*I47 -> 2427.9652 | J75: =J70*J47 -> 0 | ... V75: =V70*V47 -> 149135.96 | X75: =SUM(C75:V75) -> 385382.38 | Z75: =SUM(C75:K75) -> 37922.194
B76: 2019 Value of Excess Generation and RECs ($) | C76: =SUM(C73:C75) -> 112140.29 | D76: =SUM(D73:D75) -> 5750.6648 | E76: =SUM(E73:E75) -> 11926.736 | F76: =SUM(F73:F75) -> 0 | G76: =SUM(G73:G75) -> 0 | H76: =SUM(H73:H75) -> 261.66159 | I76: =SUM(I73:I75) -> 2427.9652 | J76: =SUM(J73:J75) -> 0 | ... V76: =SUM(V73:V75) -> 149135.96 | X76: =SUM(X73:X75) -> 673611.26 | Z76: =SUM(Z73:Z75) -> 132507.32
B77: 2019 Value of Reduced Sales ($) | C77: =+C70*C54 -> 99489.929 | D77: =+D70*D54 -> 5101.9417 | E77: =+E70*E54 -> 3664.9108 | F77: =+F70*F54 -> 0 | G77: =+G70*G54 -> 0 | H77: =+H70*H54 -> 927.70926 | I77: =+I70*I54 -> 1552.3056 | J77: =+J70*J54 -> 0 | ... V77: =+V70*V54 -> 95349.223 | X77: =SUM(C77:V77) -> 636205.33 | Z77: =SUM(C77:K77) -> 110736.8
B78: 2019 Total Value ($) | C78: =SUM(C76:C77) -> 211630.22 | D78: =SUM(D76:D77) -> 10852.606 | E78: =SUM(E76:E77) -> 15591.646 | F78: =SUM(F76:F77) -> 0 | G78: =SUM(G76:G77) -> 0 | H78: =SUM(H76:H77) -> 1189.3708 | I78: =SUM(I76:I77) -> 3980.2707 | J78: =SUM(J76:J77) -> 0 | ... V78: =SUM(V76:V77) -> 244485.19 | X78: =SUM(X76:X77) -> 1309816.6 | Z78: =SUM(C78:K78) -> 243244.12
B79: 2019 Cost Shift of Pre-2017 Solar Adder ($) | C79: =+C61 -> 0 | D79: =+D61 -> 0 | E79: =+E61 -> 0 | F79: =+F61 -> 0 | G79: =+G61 -> 0 | H79: =+H61 -> 0 | I79: =+I61 -> 0 | J79: =+J61 -> 0 | ... V79: =+V61 -> 64000.005 | X79: =SUM(C79:V79) -> 233199.33 | Z79: =SUM(C79:K79) -> 0
B80: 2019 Impact on Rates - Pre-2017 Solar Adder | C80: =+(C79/750000)/100 -> 0 | D80: =+(D79/750000)/100 -> 0 | E80: =+(E79/750000)/100 -> 0 | F80: =+(F79/750000)/100 -> 0 | G80: =+(G79/750000)/100 -> 0 | H80: =+(H79/750000)/100 -> 0 | I80: =+(I79/750000)/100 -> 0 | J80: =+(J79/750000)/100 -> 0 | ... V80: =+(V79/750000)/100 -> 0.0008533334 | X80: =+(X79/750000)/100 -> 0.0031093244 | Z80: =+(Z79/750000)/100 -> 0
B81: 2019 Cost Shift of REC Adder ($) | C81: =C62-C73 -> -35688.222 | D81: =D62-D73 -> -3070.8914 | E81: =E62-E73 -> -4411.8667 | F81: =F62-F73 -> 0 | G81: =G62-G73 -> 0 | H81: =H62-H73 -> -676.8414 | I81: =I62-I73 -> -2265.0732 | J81: =J62-J73 -> 0 | ... V81: =V62-V73 -> 0 | X81: =SUM(C81:V81) -> -73598.452 | Z81: =SUM(C81:K81) -> -46112.895
B82: 2019 Impact on Rates - REC Adder | C82: =+(C81/750000)/100 -> -0.00047584296 | D82: =+(D81/750000)/100 -> -4.0945219e-05 | E82: =+(E81/750000)/100 -> -5.8824889e-05 | F82: =+(F81/750000)/100 -> 0 | G82: =+(G81/750000)/100 -> 0 | H82: =+(H81/750000)/100 -> -9.024552e-06 | I82: =+(I81/750000)/100 -> -3.0200976e-05 | J82: =+(J81/750000)/100 -> 0 | ... V82: =+(V81/750000)/100 -> 0 | X82: =+(X81/750000)/100 -> -0.0009813127 | Z82: =+(Z81/750000)/100 -> -0.0006148386
B83: 2019 Cost Shift of Siting Adder ($) | C83: =C63-C74 -> 24195.405 | D83: =D63-D74 -> 1240.7642 | E83: =E63-E74 -> 1782.5724 | F83: =F63-F74 -> 0 | G83: =G63-G74 -> 0 | H83: =H63-H74 -> 225.6138 | I83: =I63-I74 -> 755.0244 | J83: =J63-J74 -> 0 | ... V83: =V63-V74 -> 0 | X83: =SUM(C83:V83) -> 62014.309 | Z83: =SUM(C83:K83) -> 28199.38
B84: 2019 Impact on Rates - Siting Adder | C84: =+(C83/750000)/100 -> 0.0003226054 | D84: =+(D83/750000)/100 -> 1.6543523e-05 | E84: =+(E83/750000)/100 -> 2.3767632e-05 | F84: =+(F83/750000)/100 -> 0 | G84: =+(G83/750000)/100 -> 0 | H84: =+(H83/750000)/100 -> 3.008184e-06 | I84: =+(I83/750000)/100 -> 1.0066992e-05 | J84: =+(J83/750000)/100 -> 0 | ... V84: =+(V83/750000)/100 -> 0 | X84: =+(X83/750000)/100 -> 0.00082685745 | Z84: =+(Z83/750000)/100 -> 0.00037599173
B85: 2019 Cost Shift Excess Generation ($) | C85: =C64-C75 -> 54003.26 | D85: =D64-D75 -> 2769.3404 | E85: =E64-E75 -> 11031.674 | F85: =F64-F75 -> 0 | G85: =G64-G75 -> 0 | H85: =H64-H75 -> 503.56176 | I85: =I64-I75 -> 4672.5637 | J85: =J64-J75 -> 0 | ... V85: =V64-V75 -> 349331.32 | X85: =SUM(C85:V85) -> 834586.99 | Z85: =SUM(C85:K85) -> 72980.4
B86: 2019 Impact on Rates - Excess Generation | C86: =+(C85/750000)/100 -> 0.00072004347 | D86: =+(D85/750000)/100 -> 3.6924539e-05 | E86: =+(E85/750000)/100 -> 0.00014708899 | F86: =+(F85/750000)/100 -> 0 | G86: =+(G85/750000)/100 -> 0 | H86: =+(H85/750000)/100 -> 6.7141569e-06 | I86: =+(I85/750000)/100 -> 6.2300849e-05 | J86: =+(J85/750000)/100 -> 0 | ... V86: =+(V85/750000)/100 -> 0.004657751 | X86: =+(X85/750000)/100 -> 0.011127826 | Z86: =+(Z85/750000)/100 -> 0.000973072
B87: 2020 Cost Shift of Reduced Sales ($) | C87: =C68-C77 -> 233042.04 | D87: =D68-D77 -> 11950.625 | E87: =E68-E77 -> 8584.5702 | F87: =F68-F77 -> 0 | G87: =G68-G77 -> 0 | H87: =H68-H77 -> 2173.0366 | I87: =I68-I77 -> 3636.0711 | J87: =J68-J77 -> 0 | ... V87: =V68-V77 -> 223342.98 | X87: =SUM(C87:V87) -> 1490227.1 | Z87: =SUM(C87:K87) -> 259386.34
B88: 2019 Impact on Rates - Reduced Sales | C88: =+(C87/750000)/100 -> 0.0031072271 | D88: =+(D87/750000)/100 -> 0.00015934167 | E88: =+(E87/750000)/100 -> 0.00011446094 | F88: =+(F87/750000)/100 -> 0 | G88: =+(G87/750000)/100 -> 0 | H88: =+(H87/750000)/100 -> 2.8973821e-05 | I88: =+(I87/750000)/100 -> 4.8480948e-05 | J88: =+(J87/750000)/100 -> 0 | ... V88: =+(V87/750000)/100 -> 0.0029779064 | X88: =+(X87/750000)/100 -> 0.019869694 | Z88: =+(Z87/750000)/100 -> 0.0034584845
B89: 2019 Total Cost Shift ($) | C89: =+C69-C78 -> 275552.48 | D89: =+D69-D78 -> 12889.839 | E89: =+E69-E78 -> 16986.95 | F89: =+F69-F78 -> 0 | G89: =+G69-G78 -> 0 | H89: =+H69-H78 -> 2225.3707 | I89: =+I69-I78 -> 6798.5859 | J89: =+J69-J78 -> 0 | ... V89: =+V69-V78 -> 636674.3 | X89: =SUM(C89:V89) -> 2546429.2 | Z89: =SUM(C89:K89) -> 314453.22
B90: 2019 Total Impact on Rates | C90: =+(C89/750000)/100 -> 0.003674033 | D90: =+(D89/750000)/100 -> 0.00017186451 | E90: =+(E89/750000)/100 -> 0.00022649267 | F90: =+(F89/750000)/100 -> 0 | G90: =+(G89/750000)/100 -> 0 | H90: =+(H89/750000)/100 -> 2.967161e-05 | I90: =+(I89/750000)/100 -> 9.0647813e-05 | J90: =+(J89/750000)/100 -> 0 | ... V90: =+(V89/750000)/100 -> 0.0084889907 | X90: =+(X89/750000)/100 -> 0.03395239 | Z90: =+(Z89/750000)/100 -> 0.0041927096
B93: 2020 Costs - Active Systems Only
B94: Compensation for Pre-2017 Solar Adder | C94: =+C41*C12 -> 0 | D94: =+D41*D12 -> 0 | E94: =+E41*E12 -> 0 | F94: =+F41*F12 -> 0 | G94: =+G41*G12 -> 0 | H94: =+H41*H12 -> 0 | I94: =+I41*I12 -> 0 | J94: =+J41*J12 -> 0 | ... V94: =+V41*V12 -> 64000.005 | X94: =SUM(C94:V94) -> 233199.33 | Z94: =SUM(C94:K94) -> 0
B95: Compensation for REC Adder on Total Generation ($) | C95: =C41*C13 -> 48390.809 | D95: =D41*D13 -> 1240.7642 | E95: =E41*E13 -> 1782.5724 | F95: =F41*F13 -> 0 | G95: =G41*G13 -> 0 | H95: =H41*H13 -> -676.8414 | I95: =I41*I13 -> -2265.0732 | J95: =J41*J13 -> 0 | ... V95: =V41*V13 -> 0 | X95: =SUM(C95:V95) -> 214630.43 | Z95: =SUM(C95:K95) -> 48472.231
B96: Compensation for Siting Adder on Total Generation ($) | C96: =C41*C14 -> 24195.405 | D96: =D41*D14 -> 1240.7642 | E96: =E41*E14 -> 1782.5724 | F96: =F41*F14 -> 0 | G96: =G41*G14 -> 0 | H96: =H41*H14 -> 225.6138 | I96: =I41*I14 -> 755.0244 | J96: =J41*J14 -> 0 | ... V96: =V41*V14 -> 0 | X96: =SUM(C96:V96) -> 62014.309 | Z96: =SUM(C96:K96) -> 28199.38
B97: Compensation for Excess Generation ($) | C97: =C47*C24 -> 85347.103 | D97: =D47*D24 -> 4376.6836 | E97: =E47*E24 -> 17434.529 | F97: =F47*F24 -> 0 | G97: =G47*G24 -> 0 | H97: =H47*H24 -> 795.83228 | I97: =I47*I24 -> 7384.55 | J97: =J47*J24 -> 0 | ... V97: =V47*V24 -> 453590.52 | X97: =SUM(C97:V97) -> 1172123.7 | Z97: =SUM(C97:K97) -> 115338.7
B98: Total NM Compensation for 2020 ($) | C98: =SUM(C94:C97) -> 157933.32 | D98: =SUM(D94:D97) -> 6858.212 | E98: =SUM(E94:E97) -> 20999.674 | F98: =SUM(F94:F97) -> 0 | G98: =SUM(G94:G97) -> 0 | H98: =SUM(H94:H97) -> 344.60468 | I98: =SUM(I94:I97) -> 5874.5012 | J98: =SUM(J94:J97) -> 0 | ... V98: =SUM(V94:V97) -> 517590.53 | X98: =SUM(X94:X97) -> 1681967.8 | Z98: =SUM(Z94:Z97) -> 192010.31
B99: Lost Residential Sales Revenue ($) | C99: =C54*C28 -> 335857.28 | D99: =D54*D28 -> 17223.093 | E99: =E54*E28 -> 12371.976 | F99: =F54*F28 -> 0 | G99: =G54*G28 -> 0 | H99: =H54*H28 -> 3131.7533 | I99: =I54*I28 -> 5240.2604 | J99: =J54*J28 -> 0 | ... V99: =V54*V28 -> 321879.12 | X99: =SUM(C99:V99) -> 2147696.7 | Z99: =SUM(C99:K99) -> 373824.37
B100: Lost Commercial Sales Revenue ($) | C100: =C56*C32 -> 0 | D100: =D56*D32 -> 0 | E100: =E56*E32 -> 0 | F100: =F56*F32 -> 0 | G100: =G56*G32 -> 0 | H100: =H56*H32 -> 0 | I100: =I56*I32 -> 0 | J100: =J56*J32 -> 0 | ... V100: =V56*V32 -> 0 | X100: =SUM(C100:V100) -> 0 | Z100: =SUM(C100:K100) -> 0
B101: Total Lost Sales Revenue for 2019 ($) | C101: =SUM(C99:C100) -> 335857.28 | D101: =SUM(D99:D100) -> 17223.093 | E101: =SUM(E99:E100) -> 12371.976 | F101: =SUM(F99:F100) -> 0 | G101: =SUM(G99:G100) -> 0 | H101: =SUM(H99:H100) -> 3131.7533 | I101: =SUM(I99:I100) -> 5240.2604 | J101: =SUM(J99:J100) -> 0 | ... V101: =SUM(V99:V100) -> 321879.12 | X101: =SUM(X99:X100) -> 2147696.7 | Z101: =SUM(C101:K101) -> 373824.37
B102: Total Cost for 2020 - Including Lost Revenue ($) | C102: =SUM(C98,C101) -> 493790.6 | D102: =SUM(D98,D101) -> 24081.305 | E102: =SUM(E98,E101) -> 33371.65 | F102: =SUM(F98,F101) -> 0 | G102: =SUM(G98,G101) -> 0 | H102: =SUM(H98,H101) -> 3476.358 | I102: =SUM(I98,I101) -> 11114.762 | J102: =SUM(J98,J101) -> 0 | ... V102: =SUM(V98,V101) -> 839469.65 | X102: =SUM(C102:V102) -> 3829664.5 | Z102: =SUM(C102:K102) -> 565834.67
B103: 2020 Value of Solar - excluding RECs ($/kWh) | C103: 0.063426145 | D103: =$C$103 -> 0.063426145 | E103: =$C$103 -> 0.063426145 | F103: =$C$103 -> 0.063426145 | G103: =$C$103 -> 0.063426145 | H103: =$C$103 -> 0.063426145 | I103: =$C$103 -> 0.063426145 | J103: =$C$103 -> 0.063426145 | K103: =$C$103 -> 0.063426145 | ... V103: =$C$103 -> 0.063426145
B104: 2020 REC Value ($/kWh) | C104: 0.037 | D104: =$C$104 -> 0.037 | E104: =$C$104 -> 0.037 | F104: =$C$104 -> 0.037 | G104: =$C$104 -> 0.037 | H104: 0 | I104: =$H$104 -> 0 | J104: =$H$104 -> 0 | K104: =$H$104 -> 0 | L104: =$C$104 -> 0.037 | M104: =$C$104 -> 0.037 | N104: =$C$104 -> 0.037 | O104: =$C$104 -> 0.037 | P104: =$H$104 -> 0 | Q104: =$H$104 -> 0 | R104: =$H$104 -> 0 | S104: =$H$104 -> 0 | T104: =$H$104 -> 0 | U104: =$H$104 -> 0 | V104: =$H$104 -> 0
B105: 2020 Siting Value ($/kWh) | C105: 0 | D105: =$C$105 -> 0 | E105: =$C$105 -> 0 | F105: =$C$105 -> 0 | G105: =$C$105 -> 0 | H105: =$C$105 -> 0 | I105: =$C$105 -> 0 | J105: =$C$105 -> 0 | K105: =$C$105 -> 0 | ... V105: =$C$105 -> 0
B106: 2020 Value of RECs ($) | C106: =+C104*C41 -> 89522.997 | D106: =+D104*D41 -> 4590.8276 | E106: =+E104*E41 -> 6595.5179 | F106: =+F104*F41 -> 0 | G106: =+G104*G41 -> 0 | H106: =+H104*H41 -> 0 | I106: =+I104*I41 -> 0 | J106: =+J104*J41 -> 0 | ... V106: =+V104*V41 -> 0 | X106: =SUM(C106:V106) -> 306891.18 | Z106: =SUM(C106:K106) -> 100709.34
B107: 2020 Value of Siting ($) | C107: =+C105*C41 -> 0 | D107: =+D105*D41 -> 0 | E107: =+E105*E41 -> 0 | F107: =+F105*F41 -> 0 | G107: =+G105*G41 -> 0 | H107: =+H105*H41 -> 0 | I107: =+I105*I41 -> 0 | J107: =+J105*J41 -> 0 | ... V107: =+V105*V41 -> 0 | X107: =SUM(C107:V107) -> 0 | Z107: =SUM(C107:K107) -> 0
B108: 2020 Value of Excess Generation ($) | C108: =+C103*C47 -> 33761.668 | D108: =+D103*D47 -> 1731.3316 | E108: =+E103*E47 -> 6896.7634 | F108: =+F103*F47 -> 0 | G108: =+G103*G47 -> 0 | H108: =+H103*H47 -> 314.8159 | I108: =+I103*I47 -> 2921.1855 | J108: =+J103*J47 -> 0 | ... V108: =+V103*V47 -> 179431.66 | X108: =SUM(C108:V108) -> 463669.52 | Z108: =SUM(C108:K108) -> 45625.764
B109: 2020 Value of Excess Generation and RECs ($) | C109: =SUM(C106:C108) -> 123284.66 | D109: =SUM(D106:D108) -> 6322.1592 | E109: =SUM(E106:E108) -> 13492.281 | F109: =SUM(F106:F108) -> 0 | G109: =SUM(G106:G108) -> 0 | H109: =SUM(H106:H108) -> 314.8159 | I109: =SUM(I106:I108) -> 2921.1855 | J109: =SUM(J106:J108) -> 0 | ... V109: =SUM(V106:V108) -> 179431.66 | X109: =SUM(X106:X108) -> 770560.7 | Z109: =SUM(Z106:Z108) -> 146335.11
B110: 2020 Value of Reduced Sales ($) | C110: =+C103*C54 -> 119700.46 | D110: =+D103*D54 -> 6138.3575 | E110: =+E103*E54 -> 4409.4061 | F110: =+F103*F54 -> 0 | G110: =+G103*G54 -> 0 | H110: =+H103*H54 -> 1116.1655 | I110: =+I103*I54 -> 1867.6432 | J110: =+J103*J54 -> 0 | ... V110: =+V103*V54 -> 114718.6 | X110: =SUM(C110:V110) -> 765445 | Z110: =SUM(C110:K110) -> 133232.03
B111: 2020 Total Value ($) | C111: =SUM(C109:C110) -> 242985.12 | D111: =SUM(D109:D110) -> 12460.517 | E111: =SUM(E109:E110) -> 17901.687 | F111: =SUM(F109:F110) -> 0 | G111: =SUM(G109:G110) -> 0 | H111: =SUM(H109:H110) -> 1430.9814 | I111: =SUM(I109:I110) -> 4788.8287 | J111: =SUM(J109:J110) -> 0 | ... V111: =SUM(V109:V110) -> 294150.26 | X111: =SUM(X109:X110) -> 1536005.7 | Z111: =SUM(Z109:Z110) -> 279567.14
B112: 2020 Cost Shift of Pre-2017 Solar Adder ($) | C112: =+C94 -> 0 | D112: =+D94 -> 0 | E112: =+E94 -> 0 | F112: =+F94 -> 0 | G112: =+G94 -> 0 | H112: =+H94 -> 0 | I112: =+I94 -> 0 | J112: =+J94 -> 0 | ... V112: =+V94 -> 64000.005 | X112: =SUM(C112:V112) -> 233199.33 | Z112: =SUM(C112:K112) -> 0
B113: 2020 Impact on Rates - Pre-2017 Solar Adder | C113: =+(C112/750000)/100 -> 0 | D113: =+(D112/750000)/100 -> 0 | E113: =+(E112/750000)/100 -> 0 | F113: =+(F112/750000)/100 -> 0 | G113: =+(G112/750000)/100 -> 0 | H113: =+(H112/750000)/100 -> 0 | I113: =+(I112/750000)/100 -> 0 | J113: =+(J112/750000)/100 -> 0 | ... V113: =+(V112/750000)/100 -> 0.0008533334 | X113: =+(X112/750000)/100 -> 0.0031093244 | Z113: =+(Z112/750000)/100 -> 0
B114: 2020 Cost Shift of REC Adder ($) | C114: =C95-C106 -> -41132.188 | D114: =D95-D106 -> -3350.0634 | E114: =E95-E106 -> -4812.9455 | F114: =F95-F106 -> 0 | G114: =G95-G106 -> 0 | H114: =H95-H106 -> -676.8414 | I114: =I95-I106 -> -2265.0732 | J114: =J95-J106 -> 0 | ... V114: =V95-V106 -> 0 | X114: =SUM(C114:V114) -> -92260.754 | Z114: =SUM(C114:K114) -> -52237.111
B115: 2020 Impact on Rates - REC Adder | C115: =+(C114/750000)/100 -> -0.00054842917 | D115: =+(D114/750000)/100 -> -4.4667512e-05 | E115: =+(E114/750000)/100 -> -6.4172606e-05 | F115: =+(F114/750000)/100 -> 0 | G115: =+(G114/750000)/100 -> 0 | H115: =+(H114/750000)/100 -> -9.024552e-06 | I115: =+(I114/750000)/100 -> -3.0200976e-05 | J115: =+(J114/750000)/100 -> 0 | ... V115: =+(V114/750000)/100 -> 0 | X115: =+(X114/750000)/100 -> -0.0012301434 | Z115: =+(Z114/750000)/100 -> -0.00069649482
B116: 2020 Cost Shift of Siting Adder ($) | C116: =+C96-C107 -> 24195.405 | D116: =+D96-D107 -> 1240.7642 | E116: =+E96-E107 -> 1782.5724 | F116: =+F96-F107 -> 0 | G116: =+G96-G107 -> 0 | H116: =+H96-H107 -> 225.6138 | I116: =+I96-I107 -> 755.0244 | J116: =+J96-J107 -> 0 | ... V116: =+V96-V107 -> 0 | X116: =SUM(C116:V116) -> 62014.309 | Z116: =SUM(C116:K116) -> 28199.38
B117: 2020 Impact on Rates - Siting Adder | C117: =+(C116/750000)/100 -> 0.0003226054 | D117: =+(D116/750000)/100 -> 1.6543523e-05 | E117: =+(E116/750000)/100 -> 2.3767632e-05 | F117: =+(F116/750000)/100 -> 0 | G117: =+(G116/750000)/100 -> 0 | H117: =+(H116/750000)/100 -> 3.008184e-06 | I117: =+(I116/750000)/100 -> 1.0066992e-05 | J117: =+(J116/750000)/100 -> 0 | ... V117: =+(V116/750000)/100 -> 0 | X117: =+(X116/750000)/100 -> 0.00082685745 | Z117: =+(Z116/750000)/100 -> 0.00037599173
B118: 2020 Cost Shift Excess Generation ($) | C118: =+C97-C108 -> 51585.435 | D118: =+D97-D108 -> 2645.352 | E118: =+E97-E108 -> 10537.766 | F118: =+F97-F108 -> 0 | G118: =+G97-G108 -> 0 | H118: =+H97-H108 -> 481.01638 | I118: =+I97-I108 -> 4463.3645 | J118: =+J97-J108 -> 0 | ... V118: =+V97-V108 -> 274158.86 | X118: =SUM(C118:V118) -> 708454.17 | Z118: =SUM(C118:K118) -> 69712.934
B119: 2020 Impact on Rates - Excess Generation | C119: =+(C118/750000)/100 -> 0.0006878058 | D119: =+(D118/750000)/100 -> 3.527136e-05 | E119: =+(E118/750000)/100 -> 0.00014050354 | F119: =+(F118/750000)/100 -> 0 | G119: =+(G118/750000)/100 -> 0 | H119: =+(H118/750000)/100 -> 6.4135518e-06 | I119: =+(I118/750000)/100 -> 5.9511526e-05 | J119: =+(J118/750000)/100 -> 0 | ... V119: =+(V118/750000)/100 -> 0.0036554515 | X119: =+(X118/750000)/100 -> 0.0094460556 | Z119: =+(Z118/750000)/100 -> 0.00092950579
B120: 2020 Cost Shift of Reduced Sales ($) | C120: =+C99-C110 -> 216156.83 | D120: =+D99-D110 -> 11084.735 | E120: =+E99-E110 -> 7962.5697 | F120: =+F99-F110 -> 0 | G120: =+G99-G110 -> 0 | H120: =+H99-H110 -> 2015.5878 | I120: =+I99-I110 -> 3372.6172 | J120: =+J99-J110 -> 0 | ... V120: =+V99-V110 -> 207160.52 | X120: =SUM(C120:V120) -> 1382251.7 | Z120: =SUM(C120:K120) -> 240592.34
...

Sheet Rates
E4: 0.04 | F4: 0.01 | G4: 0.01 | H4: 0.01
D6: Year | E6: Blended Residential Rate | F6: VEC Residential Rate | G6: VEC Blended Residential Rate | H6: VEC Small Commercial Rate
D7: 2019 | E7: 0.15417 | F7: 0.1762 | G7: 0.1615 | H7: 0.1584 | I7: 1
D8: 2020 | E8: =+E7*(1+$E$4) -> 0.1603368 | F8: =+F7*(1+F$4) -> 0.177962 | G8: =+G7*(1+G$4) -> 0.163115 | H8: =+H7*(1+H$4) -> 0.159984 | I8: 1
D9: 2021 | E9: =+E8 -> 0.1603368 | F9: =+F8*(1+F$4) -> 0.17974162 | G9: =+G8*(1+G$4) -> 0.16474615 | H9: =+H8*(1+H$4) -> 0.16158384 | I9: 1
D10: 2022 | E10: =+E9*(1+$E$4) -> 0.16675027 | F10: =+F9*(1+F$4) -> 0.18153904 | G10: =+G9*(1+G$4) -> 0.16639361 | H10: =+H9*(1+H$4) -> 0.16319968 | I10: 1
D11: 2023 | E11: =+E10 -> 0.16675027 | F11: =+F10*(1+F$4) -> 0.18335443 | G11: =+G10*(1+G$4) -> 0.16805755 | H11: =+H10*(1+H$4) -> 0.16483168 | I11: 1
D12: 2024 | E12: =+E11*(1+$E$4) -> 0.17342028 | F12: =+F11*(1+F$4) -> 0.18518797 | G12: =+G11*(1+G$4) -> 0.16973812 | H12: =+H11*(1+H$4) -> 0.16647999 | I12: 1
D13: 2025 | E13: =+E12 -> 0.17342028 | F13: =+F12*(1+F$4) -> 0.18703985 | G13: =+G12*(1+G$4) -> 0.1714355 | H13: =+H12*(1+H$4) -> 0.16814479 | I13: 1
D14: 2026 | E14: =+E13*(1+$E$4) -> 0.18035709 | F14: =+F13*(1+F$4) -> 0.18891025 | G14: =+G13*(1+G$4) -> 0.17314986 | H14: =+H13*(1+H$4) -> 0.16982624 | I14: 1
D15: 2027 | E15: =+E14 -> 0.18035709 | F15: =+F14*(1+F$4) -> 0.19079935 | G15: =+G14*(1+G$4) -> 0.17488136 | H15: =+H14*(1+H$4) -> 0.1715245 | I15: 1
D16: 2028 | E16: =+E15*(1+$E$4) -> 0.18757138 | F16: =+F15*(1+F$4) -> 0.19270735 | G16: =+G15*(1+G$4) -> 0.17663017 | H16: =+H15*(1+H$4) -> 0.17323975 | I16: 1
D17: 2029 | E17: =+E16 -> 0.18757138 | F17: =+F16*(1+F$4) -> 0.19463442 | G17: =+G16*(1+G$4) -> 0.17839647 | H17: =+H16*(1+H$4) -> 0.17497214 | I17: 1
D18: 2030 | E18: =+E17*(1+$E$4) -> 0.19507423 | F18: =+F17*(1+F$4) -> 0.19658076 | G18: =+G17*(1+G$4) -> 0.18018044 | H18: =+H17*(1+H$4) -> 0.17672187 | I18: 1
D19: 2031 | E19: =+E18 -> 0.19507423 | F19: =+F18*(1+F$4) -> 0.19854657 | G19: =+G18*(1+G$4) -> 0.18198224 | H19: =+H18*(1+H$4) -> 0.17848908 | I19: 1
D20: 2032 | E20: =+E19*(1+$E$4) -> 0.2028772 | F20: =+F19*(1+F$4) -> 0.20053204 | G20: =+G19*(1+G$4) -> 0.18380206 | H20: =+H19*(1+H$4) -> 0.18027398 | I20: 1
D21: 2033 | E21: =+E20 -> 0.2028772 | F21: =+F20*(1+F$4) -> 0.20253736 | G21: =+G20*(1+G$4) -> 0.18564009 | H21: =+H20*(1+H$4) -> 0.18207672 | I21: 1
D22: 2034 | E22: =+E21*(1+$E$4) -> 0.21099229 | F22: =+F21*(1+F$4) -> 0.20456273 | G22: =+G21*(1+G$4) -> 0.18749649 | H22: =+H21*(1+H$4) -> 0.18389748 | I22: 1
D23: 2035 | E23: =+E22 -> 0.21099229 | F23: =+F22*(1+F$4) -> 0.20660836 | G23: =+G22*(1+G$4) -> 0.18937145 | H23: =+H22*(1+H$4) -> 0.18573646 | I23: 1
D24: 2036 | E24: =+E23*(1+$E$4) -> 0.21943198 | F24: =+F23*(1+F$4) -> 0.20867444 | G24: =+G23*(1+G$4) -> 0.19126517 | H24: =+H23*(1+H$4) -> 0.18759382 | I24: 1
D25: 2037 | E25: =+E24 -> 0.21943198 | F25: =+F24*(1+F$4) -> 0.21076119 | G25: =+G24*(1+G$4) -> 0.19317782 | H25: =+H24*(1+H$4) -> 0.18946976 | I25: 1
D26: 2038 | E26: =+E25*(1+$E$4) -> 0.22820926 | F26: =+F25*(1+F$4) -> 0.2128688 | G26: =+G25*(1+G$4) -> 0.1951096 | H26: =+H25*(1+H$4) -> 0.19136446 | I26: 1
D27: 2039 | E27: =+E26 -> 0.22820926 | F27: =+F26*(1+F$4) -> 0.21499749 | G27: =+G26*(1+G$4) -> 0.19706069 | H27: =+H26*(1+H$4) -> 0.1932781 | I27: 1
A29: Discount Rate | B29: 0.06 | D29: 20-yr levelized | E29: =NPV($B$29,E8:E27)/NPV($B$29,I8:I27) -> 0.1854733 | F29: =NPV($B$29,F8:F27)/NPV($B$29,I8:I27) -> 0.19224961 | G29: =NPV($B$29,G8:G27)/NPV($B$29,I8:I27) -> 0.17621063 | H29: =NPV($B$29,H8:H27)/NPV($B$29,I8:I27) -> 0.17282826
